 Dungeon Crawl Stone Soup version 0.25.1-2-g60ff931df9 (webtiles) character file.

Game seed: 13467936849814969338

369 Impeuri the Chopper (level 6, -2/56 HPs)
             Began as a Hill Orc Monk on Aug 21, 2020.
             Was a Believer of Beogh.
             Slain by Grinder (4 damage)
             ... on level 4 of the Dungeon.
             The game lasted 00:06:58 (3905 turns).

Impeuri the Chopper (Hill Orc Monk)                 Turns: 3905, Time: 00:06:58

Health: -2/56      AC: 15    Str: 16    XL:     6   Next: 70%
Magic:  6/6        EV:  1    Int: 16    God:    Beogh [**....]
Gold:   136        SH:  0    Dex: 13    Spells: 5/5 levels left

rFire    + + .     SeeInvis .   a - +0 hand axe
rCold    + . .     Gourm    .   (no shield)
rNeg     . . .     Faith    .   b - +0 gold dragon scales
rPois    +         Spirit   .   (no helmet)
rElec    .         Reflect  .   (no cloak)
rCorr    .         Harm     .   (no gloves)
MR       .....                  m - +0 pair of boots
Stlth    ..........             (no amulet)
HPRegen  0.18/turn              d - ring of protection from fire
MPRegen  0.10/turn              h - +6 ring of intelligence

@: berserk cooldown, slowed, very slow
A: no striking features
a: Smiting, Renounce Religion


You were on level 4 of the Dungeon.
You worshipped Beogh.
Beogh was pleased with you.
You were hungry.

You visited 1 branch of the dungeon, and saw 4 of its levels.

You collected 136 gold pieces.

Inventory:

Hand Weapons
 a - a +0 hand axe (weapon)
Armour
 b - +0 gold dragon scales (worn)
 m - a +0 pair of boots (worn)
Jewellery
 d - a ring of protection from fire (left hand)
 h - a +6 ring of intelligence (right hand)
Wands
 j - a wand of paralysis (6)
Scrolls
 e - 2 scrolls of teleportation {unknown}
 f - 2 scrolls of fog {unknown}
 k - 2 scrolls of identify {unknown}
 l - a scroll of remove curse {unknown}
 o - 4 scrolls of fear {unknown}
Comestibles
 c - 5 rations


   Skills:
 - Level 5.0 Fighting
 - Level 6.8 Axes
 * Level 4.3 Armour
 - Level 2.4 Dodging
 - Level 1.5 Stealth


You had 5 spell levels left.
You didn't know any spells.
Your spell library was empty.

Dungeon Overview and Level Annotations

Branches:
Dungeon (4/15)
 Temple: D:4-7

Altars:
Elyvilon
Kikubaaqudgha
Makhleb
Trog
Xom

Shops:
D:4 :

Annotations:
D:4 Grinder


Message History

Your gold dragon scales prevents you from hitting Grinder.
Grinder gestures at you. You resist with significant effort.
Your gold dragon scales prevents you from hitting Grinder.
Grinder hits you but does no damage. x2
You closely miss Grinder. Grinder gestures at you.
You resist with significant effort.
You closely miss Grinder. Grinder gestures at you.
Pain shoots through your body!
* * * LOW HITPOINT WARNING * * *
Grinder says, "Are you a fish?" Grinder hits you but does no damage.
Evoke which item? (* to show all) (? for menu, Esc to quit)
Aiming: Paralyse
Press: ? - help, Shift-Dir - straight line, f - Grinder
Aim: Grinder (chance to defeat MR: 46%) Grinder resists with some effort.
Grinder hits you.
You die...

#....## # # #####...##### ##
#. ####...##.##...## ##.
#..####.#.8.8.#.#.8.8.# ##.#
#.......#.._..#.#.._..####.##
.......<#.8...#.#...8.#....#
........##...'#.#'...##...##
..<...#..#####...#####...##
....###.....@5)⌠........##
... ##.#####)..#####..# ..
###...'#.#'...##.# .
#.8...#.#...8.###
#.._..#.#.._..#
#.8.8.#.#.8.8.#
##...##.##...##
######...######
#..............#


You could see Grinder.

Vanquished Creatures
  A howler monkey (D:4)
  3 orc priests (D:4)
  An orc wizard (D:4)
  2 worker ants (D:4)
  A gnoll (D:1)
  5 adders
  2 oozes
  4 worms
  2 dart slugs (D:1)
  3 orcs (D:4)
  2 bat zombies (D:3)
  12 giant cockroaches
  6 goblins
  10 hobgoblins
  8 jackals (D:3)
  7 bats
  5 frilled lizards
  4 kobolds
  14 rats
  2 rat zombies (D:3)
94 creatures vanquished.

Vanquished Creatures (others)
  An orc (D:3)
  A hobgoblin (D:3)
2 creatures vanquished.

Grand Total: 96 creatures vanquished

Notes
Turn   | Place    | Note
-------+----------+-------------------------------------------
     0 | D:1      | Impeuri the Hill Orc Monk began the quest for the Orb.
     0 | D:1      | Reached XP level 1. HP: 19/19 MP: 1/1
   257 | D:1      | Reached XP level 2. HP: 16/27 MP: 2/2
   396 | D:1      | Reached skill level 1 in Armour
   495 | D:1      | Reached XP level 3. HP: 33/33 MP: 3/3
   633 | D:1      | Reached skill level 5 in Axes
  1251 | D:2      | Reached XP level 4. HP: 39/40 MP: 4/4
  2219 | D:3      | Reached XP level 5. HP: 22/47 MP: 5/5
  2224 | D:3      | Reached skill level 6 in Axes
  3026 | D:3      | Became a worshipper of Beogh the Brigand
  3026 | D:3      | Reached * piety under Beogh
  3026 | D:3      | Reached ** piety under Beogh
  3144 | D:3      | Found an ancient bone altar of Kikubaaqudgha.
  3315 | D:4      | Found a burning altar of Makhleb.
  3318 | D:4      | Found a bloodstained altar of Trog.
  3321 | D:4      | Found a shimmering altar of Xom.
  3324 | D:4      | Found a white marble altar of Elyvilon.
  3401 | D:4      | Reached skill level 5 in Fighting
  3401 | D:4      | Reached XP level 6. HP: 27/56 MP: 6/6
  3837 | D:4      | Found Woedut's Book Emporium.
  3843 | D:4      | Noticed Grinder
  3904 | D:4      | HP: 2/56 [Grinder/nerve-wracking pain (4)]
  3905 | D:4      | Slain by Grinder

Illustrated notes

Levels and vault maps discovered:
D:1:      dpeg_arrival_snail, layout_basic, minivault_24
D:2:      minmay_roachtagon, layout_loops_cross
D:3:      layout_rooms, lemuel_zombie_altar_kikubaaqudgha
D:4:      cheibrodos_quashed, layout_layer_cave, old_standard_altar,
          grunt_temple_overflow_cloverleaf, first_ration, serial_shops,
          nicolae_shop_statue_plus, gammafunk_ghost_grave,
          guppyfry_early_lair_pool, uniq_blork_the_orc, uniq_grinder

Skill      XL: |  1  2  3  4  5  6 |
---------------+-------------------+-----
Armour         | 1 2 4 |  4.3
Fighting       | 4 5 |  5.0
Axes           | 5 6 |  6.8
Dodging        | |  2.4
Stealth        | |  1.5

Action                   |  1- 3 |  4- 6 || total
-------------------------+-------+-------++-------
Melee: Hand axe          |    92 |   302 ||   394
Invok: Convert to Beogh  |       |     1 ||     1
Evoke: Wand              |       |     3 ||     3
  Use: Potion            |       |     4 ||     4
 Stab: Sleeping          |     1 |       ||     1
       Paralysed         |       |     3 ||     3
  Eat: Chunk             |     1 |     8 ||     9
Armor: Robe              |     4 |       ||     4
       Ring mail         |    43 |    84 ||   127
       Gold dragon scale |       |   162 ||   162
Dodge: Dodged            |    52 |   118 ||   170
